 Dungeon Crawl Stone Soup version 0.25.1-2-g60ff931df9 (webtiles) character file.

Game seed: 4467182118839841931

16704 DildoBatman the Fighter (level 12, -8/94 HPs)
             Began as a Formicid Wizard on Aug 9, 2020.
             Was the Champion of Kikubaaqudgha.
             Mangled by an orc warrior
             ... wielding a +0 hand axe
              (21 damage)
             ... on level 1 of the Orcish Mines.
             The game lasted 01:00:35 (13849 turns).

DildoBatman the Fighter (Formicid Wizard)          Turns: 13849, Time: 01:00:36

Health: -8/94      AC:  8    Str: 19    XL:     12   Next: 73%
Magic:  31/31      EV: 15    Int: 22    God:    Kikubaaqudgha [******]
Gold:   318        SH:  0    Dex:  9    Spells: 8/24 levels left

rFire    . . .     SeeInvis +   a - +5 falchion (freeze) (curse)
rCold    + . .     Gourm    .   (no shield)
rNeg     . . .     Faith    .   J - +2 robe {rC+}
rPois    .         Spirit   .   (helmet unavailable)
rElec    .         Reflect  .   A - +0 cloak
rCorr    .         Harm     .   G - +0 pair of gloves
MR       +....                  m - +0 pair of boots
Stlth    +.........             r - amulet of regeneration
HPRegen  0.65/turn              c - +6 ring of strength
MPRegen  0.22/turn              Y - ring of magical power

@: confused, lightly drained
A: permanent stasis, dig shafts and tunnels, four strong arms, antennae 3
a: Dig, Shaft Self, Receive Corpses, Torment, Brand Weapon With Pain, Receive
Necronomicon, Renounce Religion


You were on level 1 of the Orcish Mines.
You worshipped Kikubaaqudgha.
Kikubaaqudgha was exalted by your worship.
You were very hungry.

You visited 3 branches of the dungeon, and saw 13 of its levels.
You also visited: Sewer and Bailey.

You collected 636 gold pieces.
You spent 318 gold pieces at shops.

Inventory:

Hand Weapons
 a - a cursed +5 falchion of freezing (weapon)
 b - a +0 hunting sling
 d - a +3 scimitar of flaming
 e - a +1 trident
 F - the +3 war axe of Daguleos {freeze, +Fly rN+}
   (You found it on level 7 of the Dungeon)

   It has been specially enchanted to freeze those struck by it, causing extra
   injury to most foes and up to half again as much damage against particularly
   susceptible opponents.
   It can also slow down cold-blooded creatures.
   It protects you from negative energy.
   It lets you fly.
 W - a +1 whip of electrocution
Missiles
 j - 197 arrows
 t - 255 stones
 u - 41 poisoned darts (quivered)
 y - 7 silver javelins
 B - 76 sling bullets
 E - 7 bolts
 S - 15 curare-tipped darts
Armour
 f - a +0 troll leather armour
 m - a +0 pair of boots (worn)
 A - a +0 cloak (worn)
 G - a +0 pair of gloves (worn)
 J - a +2 robe of cold resistance (worn)
 N - a +0 tower shield
Jewellery
 c - a +6 ring of strength (left hand)
 r - an amulet of regeneration (around neck)
 w - an uncursed ring of fire
 Y - a ring of magical power (right hand)
Wands
 M - a wand of flame (40)
 O - a wand of disintegration (34)
Scrolls
 i - 3 scrolls of enchant weapon {unknown}
 l - 4 scrolls of blinking {unknown}
 n - 5 scrolls of immolation
 o - 3 scrolls of fear {unknown}
 p - 3 scrolls of amnesia {unknown}
 x - 5 scrolls of remove curse
 z - 10 scrolls of identify
 C - 4 scrolls of magic mapping
 I - 3 scrolls of random uselessness {unknown}
 Q - 3 scrolls of enchant armour {unknown}
 R - 2 scrolls of acquirement {unknown}
 T - a scroll of torment {unknown}
 U - 2 scrolls of brand weapon {unknown}
 V - 2 scrolls of fog {unknown}
Potions
 g - a potion of might
 h - a potion of degeneration {unknown}
 k - 7 potions of flight
 q - a potion of stabbing {unknown}
 H - 2 potions of magic {unknown}
 L - 3 potions of brilliance
 P - a potion of lignification
Comestibles
 v - 20 rations
 K - 5 chunks of flesh


   Skills:
 * Level 8.8(8.2) Fighting
 * Level 8.8(8.2) Armour
 * Level 7.6(7.1) Dodging
 - Level 2.4(1.9) Stealth
 * Level 6.9(6.3) Spellcasting
 - Level 6.0(5.4) Conjurations
   Level 1.0(0.5) Summonings
 * Level 8.0(7.5) Necromancy
   Level 0.8(0.4) Translocations
 - Level 5.0(4.4) Fire Magic
 - Level 5.0(4.4) Air Magic


You had 8 spell levels left.
You knew the following spells:

 Your Spells              Type           Power        Failure   Level  Hunger
a - Conjure Flame         Conj/Fire      ####....     3%          3    #......
c - Magic Dart            Conj           ####         1%          1    None
d - Vampiric Draining     Necr           #####.....   1%          3    #......
e - Mephitic Cloud        Conj/Pois/Air  ###.....     7%          3    #......
h - Dispel Undead         Necr           #####...     4%          4    ###....
z - Sublimation of Blood  Necr           #####.....   1%          2    None

Your spell library contained the following spells:

 Spells                   Type           Power        Failure   Level  Hunger
 Pain                     Necr           ####         1%          1    None
 Shock                    Conj/Air       ####         1%          1    None
 Corpse Rot               Necr/Air       N/A          1%          2    None
 Static Discharge         Conj/Air       ####....     3%          3    #......
 Animate Dead             Necr           N/A          4%          4    ###....
 Summon Butterflies       Summ           #.......     7%          1    None
 Corona                   Hex            #......      9%          1    None
 Dazzling Flash           Conj/Hex       ###...       9%          3    #......
 Call Imp                 Summ           #.......     11%         2    None
 Agony                    Necr           #####...     11%         5    #####..
 Ensorcelled Hibernation  Hex/Ice        #.....       13%         2    None
 Slow                     Hex            #.......     13%         2    None
 Airstrike                Air            ####......   14%         4    ###....
 Call Canine Familiar     Summ           #.......     22%         3    #......
 Gell's Gravitas          Tloc           #.........   22%         3    #......
 Confusing Touch          Hex            #.......     26%         3    #......
 Tukima's Dance           Hex            #.......     26%         3    #......
 Lightning Bolt           Conj/Air       ####......   32%         5    #####..
 Excruciating Wounds      Chrm/Necr      ###.......   45%         5    #####..
 Summon Ice Beast         Ice/Summ       #.......     61%         4    ###....
 Petrify                  Tmut/Erth      #.......     65%         4    ###....
 Summon Mana Viper        Hex/Summ       #.......     91%         5    #####..
 Metabolic Englaciation   Hex/Ice        #.........   94%         5    #####..
 Yara's Violent Unravell  Hex/Tmut       #.........   94%         5    #####..
 Simulacrum               Ice/Necr       ###.......   96%         6    ######.
 Summon Hydra             Summ           #.........   100%        7    #######
 Swiftness                Chrm/Air       Unusable     N/A         2    N/A
 Blink                    Tloc           Unusable     N/A         2    N/A

Dungeon Overview and Level Annotations

Branches:
Dungeon (11/15)            Temple (1/1) D:5             Orc (1/2) D:11
  Sewer (visited)          Bailey (visited)
   Lair: D:8-11

Altars:
Ashenzari
Cheibriados
Dithmenos
Elyvilon
Fedhas
Gozag
Hepliaklqana
Kikubaaqudgha
Makhleb
Nemelex Xobeh
Okawaru
Qazlal
Ru
Sif Muna
Trog
Uskayaw
Vehumet
Wu Jian
Xom
Yredelemnul
Zin
The Shining One
Beogh

Shops:
D:4 [   D:10 %?}*=   Orc:1 =

Portals:
Trove: D:11 (give 4 scrolls of fear)

Annotations:
D:9 1 exclusion


Innate Abilities, Weirdness & Mutations

You cannot be hasted, slowed, berserked, paralysed or teleported.
You can dig through walls and to a lower floor.
Your four strong arms can wield two-handed weapons with a shield.
You have a pair of large antennae on your head. (SInv)


Message History

You bump into the rock wall.
You barely miss the orc.
You feel less confused. The orc hits you.
You extend your mandibles.
You dig through the rock wall.
The orc closely misses you.
The orc priest calls down the wrath of Beogh upon you.
Beogh smites you!
You retract your mandibles.
The orc warrior hits you with a +0 hand axe!
You are confused.
You feel invigorated. The orc misses you.
The orc warrior hits you with a +0 hand axe!
You're too confused to move!
The orc hits you but does no damage.
The orc warrior hits you with a +0 hand axe!!
You die...
Kikubaaqudgha rasps: "You have failed me!
Welcome... death!"

#..##........$..$.
#)##...............
#†..o.............#.
#†#.$...............
#..#.o..............
##{#o............._.
#o#{.....$..........
##o#o<>............
##@...........###
#.......##.....##
#........##.....#
#........#.....$#
##....#..o..#..##
#......#.#o.####
##....######.##
###.### ##.##
##.{..## ##.##


You could see an orc warrior, an orc priest and 4 orcs.

Vanquished Creatures
  An orc warlord (Bailey)
  Erica (D:11)
  3 two-headed ogres (D:11)
  An orc knight (Bailey)
  An ugly thing (D:11)
  3 cyclopes
  Joseph (D:8)
  2 centaur skeletons
  2 trolls (Orc:1)
  A hornet (D:8)
  A centaur simulacrum (D:11)
  Sigmund (D:4)
  A wraith (D:10)
  3 wyverns
  12 yaks
  A steam dragon (D:9)
  2 wargs (Orc:1)
  3 soldier ants
  2 porcupines
  2 ice beasts
  7 orc warriors
  3 sky beasts
  A black bear (D:11)
  Purgy (Sewer)
  5 phantoms
  9 ogres
  8 centaurs
  Blork the orc (D:6)
  8 bullfrogs
  3 big kobolds
  A wyvern zombie (D:7)
  3 scorpions
  5 killer bees (D:9)
  4 wights
  A howler monkey (D:4)
  A bullfrog zombie (D:11)
  16 crimson imps
  2 quasits
  2 hounds
  8 orc priests
  10 orc wizards
  2 bullfrog skeletons
  A gnoll shaman (D:4)
  Crazy Yiuf (D:3)
  2 iguanas
  10 worker ants
  A hound zombie (D:7)
  2 worker ant zombies
  A howler monkey skeleton (D:6)
  14 adders
  11 gnolls
  5 shadow imps
  2 white imps (D:10)
  3 adder zombies
  An adder skeleton (D:6)
  2 worms
  2 dart slugs (D:1)
  6 leopard geckos
  53 orcs
  8 ball pythons
  4 bats
  6 giant cockroaches
  8 goblins
  14 hobgoblins
  10 jackals
  39 kobolds
  5 quokkas
  10 frilled lizards
  A jackal zombie (D:5)
  13 rats
380 creatures vanquished.

Vanquished Creatures (collateral kills)
  An orc sorcerer (Orc:1)
  A worker ant (D:8)
2 creatures vanquished.

Vanquished Creatures (others)
  An orc warrior (D:11)
  A centaur (D:5)
  A hound (D:5)
  An orc priest (D:9)
  An orc (D:9)
  A frilled lizard (D:5)
  25 fungi (D:11)
  8 plants (D:11)
39 creatures vanquished.

Grand Total: 421 creatures vanquished

Notes
Turn   | Place    | Note
-------+----------+-------------------------------------------
     0 | D:1      | DildoBatman the Formicid Wizard began the quest for the
                  | Orb.
     0 | D:1      | Reached XP level 1. HP: 13/13 MP: 4/4
    26 | D:1      | Reached skill level 1 in Conjurations
   315 | D:1      | Reached XP level 2. HP: 19/19 MP: 3/6
   781 | D:1      | Reached XP level 3. HP: 24/24 MP: 1/7
   786 | D:1      | Learned a level 3 spell: Conjure Flame
   790 | D:1      | Learned a level 3 spell: Mephitic Cloud
  1684 | D:2      | Noticed a scorpion
  1723 | D:2      | Found an ancient bone altar of Kikubaaqudgha.
  1750 | D:2      | Became a worshipper of Kikubaaqudgha
  1813 | D:2      | Reached XP level 4. HP: 30/30 MP: 6/8
  2082 | D:2      | You fall into a shaft and drop 1 floor!
  2366 | D:2      | Reached * piety under Kikubaaqudgha
  2366 | D:2      | Identified Kikubaaqudgha's Catalogue of Unholy Arts
                  | (Kikubaaqudgha gifted it to you on level 2 of the Dungeon)
  2366 | D:2      | Received a gift from Kikubaaqudgha
  2867 | D:2      | Reached XP level 5. HP: 35/35 MP: 4/9
  3329 | D:3      | Found a runed translucent door.
  3330 | D:3      | Noticed Crazy Yiuf
  3556 | D:3      | Reached skill level 5 in Conjurations
  3556 | D:3      | Reached XP level 6. HP: 25/41 MP: 1/10
  3791 | D:3      | Killed Crazy Yiuf
  4004 | D:4      | Found a stormy altar of Qazlal.
  4013 | D:4      | Found a blossoming altar of Fedhas.
  4051 | D:4      | Noticed Sigmund
  4086 | D:4      | Killed Sigmund
  4086 | D:4      | Reached skill level 1 in Fire Magic
  4086 | D:4      | Reached skill level 1 in Air Magic
  4086 | D:4      | Reached XP level 7. HP: 39/46 MP: 5/11
  4155 | D:4      | Found a basalt altar of Yredelemnul.
  4240 | D:4      | Found Piatohab's Armour Shop.
  4328 | D:4      | HP: 2/46 [orc wizard/magic dart (8)]
  4336 | D:4      | Reached ** piety under Kikubaaqudgha
  4337 | D:4      | Found a glowing drain.
  4346 | Sewer    | Entered a sewer
  4481 | Sewer    | Noticed Purgy
  4509 | Sewer    | Killed Purgy
  4699 | D:4      | Reached XP level 8. HP: 30/52 MP: 2/12
  5063 | D:4      | Found a shattered altar of Ashenzari.
  5207 | D:5      | Entered Level 5 of the Dungeon
  5425 | D:5      | Found a shimmering altar of Xom.
  5697 | D:5      | Reached *** piety under Kikubaaqudgha
  5697 | D:5      | Identified Kikubaaqudgha's Reference Book on Black Arts
                  | (Kikubaaqudgha gifted it to you on level 5 of the Dungeon)
  5697 | D:5      | Received a gift from Kikubaaqudgha
  5807 | D:5      | Found a staircase to the Ecumenical Temple.
  5813 | Temple   | Entered the Ecumenical Temple
  6023 | D:5      | Reached skill level 5 in Fire Magic
  6424 | D:6      | Reached skill level 5 in Air Magic
  6424 | D:6      | Reached XP level 9. HP: 57/57 MP: 4/13
  6430 | D:6      | Learned a level 4 spell: Dispel Undead
  6434 | D:6      | Learned a level 3 spell: Vampiric Draining
  6735 | D:6      | Reached skill level 1 in Fighting
  6735 | D:6      | Reached skill level 1 in Armour
  6735 | D:6      | Reached skill level 1 in Necromancy
  7070 | D:6      | Noticed Blork the orc
  7192 | D:6      | Killed Blork the orc
  7879 | D:7      | Got a scorched war axe
  7880 | D:7      | Identified the cursed +3 war axe of Daguleos {freeze, +Fly
                  | rN+} (You found it on level 7 of the Dungeon)
  7938 | D:7      | Reached **** piety under Kikubaaqudgha
  8438 | D:8      | Reached XP level 10. HP: 70/71 MP: 10/14
  8659 | D:8      | Reached skill level 5 in Fighting
  8697 | D:8      | Reached skill level 5 in Armour
  8844 | D:8      | Reached skill level 5 in Dodging
  8894 | D:8      | Reached skill level 5 in Necromancy
  9481 | D:8      | Noticed Joseph
  9513 | D:8      | Killed Joseph
 10244 | D:9      | Reached ***** piety under Kikubaaqudgha
 10264 | D:9      | Reached XP level 11. HP: 72/81 MP: 12/16
 10782 | D:10     | Entered Level 10 of the Dungeon
 10950 | D:10     | Found a flagged portal.
 10995 | Bailey   | Entered a bailey
 11029 | Bailey   | Noticed an orc knight
 11080 | Bailey   | Killed an orc knight
 11109 | Bailey   | Noticed an orc warlord
 11218 | Bailey   | Found a runed translucent gate.
 11220 | Bailey   | Found a runed translucent gate.
 11222 | Bailey   | Found a runed translucent gate.
 11405 | Bailey   | Killed an orc warlord
 11405 | Bailey   | Reached skill level 5 in Spellcasting
 11598 | D:10     | Noticed a cyclops
 11642 | D:10     | Killed a cyclops
 11721 | D:10     | Found Velaeqiu's Assorted Antiques.
 11867 | D:10     | Bought 2 scrolls labeled YPLESEI SIDGH for 48 gold pieces
 11913 | D:10     | Found Voofen's Magic Scroll Shoppe.
 11922 | D:10     | Bought a scroll of identify for 28 gold pieces
 11922 | D:10     | Bought a scroll of identify for 28 gold pieces
 11922 | D:10     | Bought a scroll of identify for 28 gold pieces
 11922 | D:10     | Bought a scroll of identify for 28 gold pieces
 11922 | D:10     | Bought 3 scrolls of noise for 42 gold pieces
 11922 | D:10     | Bought 3 scrolls of identify for 84 gold pieces
 12055 | D:10     | Found Umpoosm's Food Shop.
 12092 | D:10     | Found Wim Kova's Gadget Emporium.
 12149 | D:10     | Found Eppuphoh's Jewellery Boutique.
 12166 | D:10     | Bought a cursed amulet of inaccuracy for 32 gold pieces
 12574 | D:11     | Noticed a two-headed ogre
 12574 | D:11     | Noticed a cyclops
 12586 | D:11     | Found a staircase to the Orcish Mines.
 12717 | D:11     | Noticed a two-headed ogre
 12806 | D:11     | Reached XP level 12. HP: 86/92 MP: 20/20
 12963 | D:11     | Killed a two-headed ogre
 13055 | D:11     | Found a portal to a secret trove of treasure.
 13085 | D:11     | Found a roughly hewn altar of Beogh.
 13156 | D:11     | Killed a two-headed ogre
 13200 | D:11     | Noticed Erica
 13363 | D:11     | Learned a level 2 spell: Sublimation of Blood
 13375 | D:11     | Noticed a two-headed ogre
 13400 | D:11     | Killed a two-headed ogre
 13528 | D:11     | Killed Erica
 13679 | D:11     | Reached ****** piety under Kikubaaqudgha
 13720 | Orc:1    | Entered Level 1 of the Orcish Mines
 13728 | Orc:1    | Found Kynov's Jewellery Shoppe.
 13756 | Orc:1    | Found a radiant altar of Vehumet.
 13835 | Orc:1    | HP: 2/94 [orc sorcerer/bolt of negative energy (32)]
 13849 | Orc:1    | Mangled by an orc warrior

Illustrated notes

Levels and vault maps discovered:
D:1:      erik_arrival_blinker_ship, layout_basic, minmay_misc_feat_pillars,
          minmay_close_crescents
D:2:      layout_loops_ring, nicolae_overflow_hidden_temple,
          chequers_serial_rivers_micro_a, minmay_increasing_density
D:3:      layout_basic, first_ration, uniq_crazy_yiuf_cottage
D:4:      layout_rooms, grunt_temple_overflow_forces_of_nature, minitemple,
          serial_shops, nicolae_shop_behind_doors, portal_sewer_entry_d,
          uniq_sigmund
D:5:      layout_rooms, xom_confusion_cloud, minmay_temple_entry_hall,
          glass_columns_a
D:6:      layout_loops_cross, uniq_blork_the_orc
D:7:      layout_loops_cross
D:8:      layout_layer_cave, hangedman_pestilent_swarm, uniq_joseph
D:9:      due_megacathedral, layout_loops_ring
D:10:     layout_basic, enter_bailey_8, serial_shops, shop, kennysheep_mini,
          nicolae_shop_crystal, nicolae_shop_trees, nicolae_shop_waterfront,
          eino_tiny_chamber, kennysheep_big_empty_room, minmay_nine_imps
D:11:     layout_loops_ring, grunt_lair_entry_orc_guard_hut,
          minmay_orc_entry_temple_small, enter_trove_0, minmay_misc_feat_rugged,
          uniq_erica
Temple:   compressed_dpeg_circular_temple
Orc:1:    layout_caves, serial_shops, shop, basic_altar, uniq_harold

Skill      XL: |  1  2  3  4  5  6  7  8  9 10 11 12 |
---------------+-------------------------------------+-----
Conjurations   | 1 2 3 4 5 6 |  6.0
Fire Magic     | 1 3 5 |  5.0
Air Magic      | 1 2 5 |  5.0
Dodging        | 3 5 6 7 |  7.6
Fighting       | 3 6 7 8 |  8.8
Armour         | 3 6 7 8 |  8.8
Necromancy     | 3 5 7 8 |  8.0
Spellcasting   | 5 6 |  6.9
Stealth        | |  2.4
Summonings     | |  1.0
Translocations | |  0.8

Action                   |  1- 3 |  4- 6 |  7- 9 | 10-12 || total
-------------------------+-------+-------+-------+-------++-------
Melee: Dagger            |     8 |       |   293 |       ||   301
       Short sword       |       |    24 |       |       ||    24
       Flail             |       |     3 |       |       ||     3
       Trident           |       |    10 |    40 |       ||    50
       Falchion          |       |    15 |    32 |   101 ||   148
       War axe           |       |       |    55 |   366 ||   421
 Fire: Hunting sling     |       |     9 |    10 |       ||    19
Throw: Dart              |       |     1 |    15 |     7 ||    23
       Stone             |       |       |     3 |       ||     3
 Cast: Magic Dart        |    84 |    99 |   144 |    43 ||   370
       Conjure Flame     |       |     2 |    14 |    27 ||    43
       Mephitic Cloud    |       |     4 |    42 |    61 ||   107
       Dispel Undead     |       |       |       |    12 ||    12
       Vampiric Draining |       |       |       |    12 ||    12
 Abil: Dig               |     2 |     1 |    22 |    27 ||    52
  Use: Scroll            |       |     3 |     1 |     7 ||    11
       Potion            |       |       |     5 |    10 ||    15
 Stab: Confused          |       |     3 |    23 |    16 ||    42
       Sleeping          |       |       |     1 |     1 ||     2
  Eat: Chunk             |     3 |     7 |    23 |    27 ||    60
Armor: Robe              |     3 |    12 |   102 |    31 ||   148
       Ring mail         |       |       |       |   175 ||   175
Dodge: Dodged            |    14 |    27 |   274 |   431 ||   746
       Rpst.: Falchion   |       |     5 |     6 |    14 ||    25
